 Dungeon Crawl Stone Soup version 0.13.1-27-ga479965 (webtiles) character file.

384 Chiseanne the Ruinous (level 5, -8/35 HPs)
             Began as a Mummy Conjurer on Feb 11, 2014.
             Mangled by an ogre
             ... wielding a +0,+0 giant spiked club
              (24 damage)
             ... on Level 4 of the Dungeon.
             The game lasted 00:14:33 (12763 turns).

Chiseanne the Ruinous (Mummy Conjurer)             Turns: 12763, Time: 00:14:33

HP  -8/35        AC  3     Str 11      XL: 5   Next: 84%
MP   2/11        EV 10     Int 15      God:
Gold 138         SH  0     Dex 12      Spells:  3 memorised,  1 level left

Res.Fire  : x . .   See Invis. : .   s - +1,+3 orc short sword (venom)
Res.Cold  : + . .   Warding    : .   u - +0 orc leather armour
Life Prot.: + + +   Conserve   : .   (no shield)
Res.Poison: +       Res.Corr.  : .   (no helmet)
Res.Elec. : .       Clarity    : .   (no cloak)
Sust.Abil.: . .     Spirit.Shd : .   (no gloves)
Res.Mut.  : .       Stasis     : .   (no boots)
Res.Rott. : +       Flight     : .   (no amulet)
Saprovore : . . .                    (no ring)
                                     o - ring of invisibility

@: very slightly contaminated, slightly resistant to hostile enchantments,
unstealthy
A: no food or potions, fire vulnerability, restore body, cold resistance 1, life
protection 3, poison resistance, torment resistance, unbreathing
a: Evoke Invisibility


You were on level 4 of the Dungeon.
You were not hungry.

You visited 1 branch of the dungeon, and saw 4 of its levels.

You collected 118 gold pieces.

Inventory:

Hand weapons
 a - a +0,+1 anti-magic dagger
 d - a +1,+3 whip of reaching {*Kobolds Hand*}
 j - a -1,+3 orcish dagger
 q - a +2,+1 elven spear of returning (quivered)
 s - a +1,+3 orcish short sword of venom (weapon)
 v - a +0,+0 anti-magic club
Armour
 l - a +0 elven shield
 u - a +0 orcish leather armour (worn)
Magical devices
 h - a wand of confusion (17)
 t - a wand of enslavement (16) {unknown}
Scrolls
 b - 2 scrolls of identify
 e - a scroll of fog {unknown}
 f - 2 scrolls of remove curse
 g - 2 scrolls of recharging {unknown}
 i - a scroll of amnesia {unknown}
 k - a scroll of enchant armour {unknown}
 m - 4 scrolls of enchant weapon II {unknown}
 n - a scroll of curse armour {unknown}
 p - 3 scrolls of teleportation {unknown}
Jewellery
 o - a ring of invisibility (left hand)
Books
 c - a book of Conjurations

   Spells                             Type                      Level
   *Magic Dart                        Conjuration                  1
   Searing Ray                        Conjuration                  2
   Dazzling Spray                     Conjuration/Hexes            3
   *Iskenderun's Mystic Blast         Conjuration                  4
   *Iskenderun's Battlesphere         Conjuration/Charms           4
   Fulminant Prism                    Conjuration/Hexes            5


   Skills:
 - Level 1.5 Dodging
 - Level 1.5 Stealth
 * Level 3.3 Spellcasting
 * Level 5.0 Conjurations


You had one spell level left.
You knew the following spells:

 Your Spells              Type           Power        Failure   Level  Hunger
a - Magic Dart            Conj           ###.         2%          1    N/A
b - Iskenderun's Mystic   Conj           ###.....     28%         4    N/A
c - Iskenderun's Battles  Conj/Chrm      ##......     78%         4    N/A

Dungeon Overview and Level Annotations

Branches:
Dungeon (4/27)
 Temple: D:4-7

Altars:
Trog


Innate Abilities, Weirdness & Mutations

You do not eat or drink.
Your flesh is vulnerable to fire.
Your flesh is cold resistant.
You are immune to negative energy.
Your system is resistant to poisons.
You are immune to unholy pain and torment.
You can survive without breathing.


Message History

The ogre is moderately wounded.
The ogre barely misses you.
You hit the ogre.
The ogre is moderately wounded.
The ogre hits you with a giant spiked club!
You hit the ogre.
The ogre is heavily wounded.
The ogre hits you with a giant spiked club.
Casting: Magic Dart
Confirm with . or Enter, or press ? or * to list all spells.
Aiming: Magic Dart
Press: ? - help, Shift-Dir - straight line, f/p - ogre
Aim: an ogre, wielding a giant spiked club (heavily wounded)
The magic dart hits the ogre.
The ogre is heavily wounded.
You see here 20 stones.
Found a murky inky potion.
The ogre hits you with a giant spiked club!
Ouch! That really hurt!
You die...

... #............
!...######............
#....#.......#+#.......
#.......##.....#.......
#........(.....#....##.
#..............#....##.
..#....................
###.##...O#...........#..
........@.#....###....# .
.#..##.#.##..............
#.. #.#.##..............
#..##+#.##............##
.#.......####+###.....##
.........####.###.....
..(............... ....
.........####.#### ...
...#.....<........


You could see an ogre.

Vanquished Creatures
  An eye of draining (D:3)
  Ijyb (D:3)
  5 adders
  3 worms
  A giant mite (D:3)
  6 giant geckos
  2 oozes (D:2)
  7 orcs
  2 ball pythons
  5 giant cockroaches
  4 goblins
  8 hobgoblins
  12 jackals
  2 quokkas
  14 bats
  3 giant newts
  10 kobolds
  9 rats
95 creatures vanquished.

Notes
Turn   | Place    | Note
--------------------------------------------------------------
     0 | D:1      | Chiseanne, the Mummy Conjurer, began the quest for the Orb.
     0 | D:1      | Reached XP level 1. HP: 13/13 MP: 3/3
   233 | D:1      | Reached XP level 2. HP: 11/19 MP: 0/4
   854 | D:1      | Reached skill level 4 in Conjurations
  1122 | D:2      | Reached XP level 3. HP: 17/24 MP: 1/5
  4241 | D:1      | Noticed an ogre
  5142 | D:2      | Reached XP level 4. HP: 20/30 MP: 1/7
  5148 | D:2      | Learned a level 4 spell: Iskenderun's Mystic Blast
 11671 | D:3      | Reached XP level 5. HP: 31/35 MP: 10/10
 11712 | D:3      | Learned a level 4 spell: Iskenderun's Battlesphere
 11784 | D:3      | Noticed Ijyb
 11798 | D:3      | Killed Ijyb
 12240 | D:3      | Found a bloodstained altar of Trog.
 12255 | D:3      | Reached skill level 5 in Conjurations
 12548 | D:4      | Noticed an ogre
 12763 | D:4      | Mangled by an ogre

Action                   |  1- 3 |  4- 6 || total
-------------------------+-------+-------++-------
Melee: Whip              |    36 |    17 ||    53
       Short sword       |       |    36 ||    36
 Cast: Magic Dart        |   108 |   121 ||   229
       Iskenderun's Myst |       |     6 ||     6
Evoke: Wand              |       |     2 ||     2
  Use: Scroll            |     2 |     1 ||     3
